 Dungeon Crawl Stone Soup version 0.20.1-1-g8b1a95d (webtiles) character file.

29336 Jannitor the Thrower (level 13, -2/141 HPs)
             Began as an Ogre Chaos Knight on Sept 3, 2017.
             Slain by a worldbinder (6 damage)
             ... summoned by the severe capriciousness of Xom
             ... on level 9 of the Dungeon.
             The game lasted 00:54:50 (25303 turns).

Jannitor the Thrower (Ogre Chaos Knight)           Turns: 25303, Time: 00:54:50

Health: -2/141     AC:  8    Str: 23    XL:     13   Next: 44%
Magic:  19/19      EV: 15    Int: 13    God:    Xom [...*..]
Gold:   1919       SH:  0    Dex: 23    Spells: 12/12 levels left

rFire    . . .     SeeInvis +   S - +0 flail (holy)
rCold    + . .     Gourm    .   (no shield)
rNeg     + . .     Faith    .   H - +0 steam dragon scales
rPois    +         Spirit   .   (helmet restricted)
rElec    .         Reflect  +   y - +0 cloak
rCorr    .         Harm     .   (gloves unavailable)
MR       +....                  (boots unavailable)
Stlth    +.........             U - brooch of Shielding {Reflect SH+8}
Regen    0.4/turn               A - +5 ring of dexterity
MPRegen  0.2/turn               Y - ring "Jedeyhuz" {rC+ rN+ SInv}

@: confused, studying Shields
A: unfitting armour, talons 1, icy blue scales 1, thin skeletal structure 1,
agile 2, blurry vision 1, deformed body, deterioration 1, high mp 1, poison
resistance, strong 2, tough skin 1, wild magic 1, no potion heal 2, sturdy frame
1
a: Renounce Religion


You were on level 9 of the Dungeon.
You worshipped Xom.
You were a favourite toy of Xom.
You were very hungry.

You visited 2 branches of the dungeon, and saw 14 of its levels.
You also visited: Labyrinth, Sewer and Bailey.

You collected 2459 gold pieces.
You spent 540 gold pieces at shops.

Inventory:

Hand Weapons
 a - a +1 mace of chaos
 u - the +5 glaive of the Badger {protect, rN+}
   (You found it in a labyrinth)

   It protects the one who uses it against injury (+AC on strike).
   It protects you from negative energy.
 C - the +5 executioner's axe of Upheaval {vamp, rN++ Int+3}
   (You found it in a bailey)

   It inflicts no extra harm, but heals its wielder when it wounds a living foe.
   It affects your intelligence (+3).
   It greatly protects you from negative energy.
 S - a +0 flail of holy wrath (weapon)
 W - a +0 morningstar
Missiles
 j - 4 javelins
 p - a javelin of returning (quivered)
 G - 2 steel javelins
Armour
 y - a +0 cloak (worn)
 H - +0 steam dragon scales (worn)
Jewellery
 e - an uncursed ring of stealth
 h - an uncursed ring of ice
 v - an uncursed ring of poison resistance
 A - a +5 ring of dexterity (left hand)
 U - the brooch of Shielding (around neck) {Reflect SH+8}
   (You found it on level 1 of the Lair of Beasts)

   [amulet of reflection]

   It shields you and reflects attacks.
   It affects your SH (+8).
 V - an uncursed ring of fire {unknown}
 Y - the ring "Jedeyhuz" (right hand) {rC+ rN+ SInv}
   (Xom gifted it to you on level 2 of the Lair of Beasts)

   [ring of see invisible]

   It protects you from cold.
   It protects you from negative energy.
   It lets you see invisible.
Wands
 b - a wand of random effects (16/48)
 f - a wand of confusion (14/48)
 l - a wand of acid (0/15)
 n - a wand of lightning (3/15)
 w - a wand of disintegration (9/24)
 B - a wand of confusion (28/48)
 E - a wand of flame (16/48)
 F - a wand of lightning (7/15)
 I - a wand of disintegration (18/24)
 J - a wand of confusion (19/48)
 K - a wand of disintegration (17/24)
 L - a wand of flame (20/48)
 Q - a wand of clouds (2/9)
 R - a wand of random effects (32/48)
 X - a wand of acid (9/15)
Scrolls
 d - 4 scrolls of magic mapping
 g - a scroll of teleportation
 i - 9 scrolls of remove curse
 s - 3 scrolls of enchant weapon
 t - 5 scrolls of enchant armour
 D - 2 scrolls of fog
 P - 3 scrolls of amnesia
 T - a scroll of fear
Potions
 q - 3 potions of brilliance
 M - a potion of heal wounds
 N - 3 potions of curing
Books
 k - a manual of Shields
 o - a book of Frost

   Spells                             Type                      Level
   a - Freeze                         Ice                          1
   b - Throw Frost                    Conjuration/Ice              2
   c - Ozocubu's Armour               Charms/Ice                   3
   d - Throw Icicle                   Conjuration/Ice              4
   e - Summon Ice Beast               Ice/Summoning                4
Miscellaneous
 O - a lamp of fire
Comestibles
 c - 6 bread rations
 m - 7 royal jellies
 x - 9 meat rations
 z - 16 fruits


   Skills:
 + Level 12.7 Fighting
 + Level 9.2 Maces & Flails
 + Level 13.0 Throwing
 + Level 5.8 Armour
 - Level 6.3 Dodging
 + Level 6.6 Evocations


You had 12 spell levels left.
You didn't know any spells.

Dungeon Overview and Level Annotations

Branches:
Dungeon (9/15)             Temple (0/1) D:5            Lair (5/6) D:8
 Shoals (0/4) Lair:4        Snake (0/4) Lair:2          Orc (0/2) D:9
  Slime: Lair:5-6

Altars:
Ashenzari
Cheibriados
Dithmenos
Elyvilon
Gozag
Nemelex Xobeh
Ru
Vehumet
Xom
The Shining One
Beogh

Shops:
D:5 *}

Annotations:
D:3 1 runed door
Lair:3 exclusion: hydra, Snorg


Innate Abilities, Weirdness & Mutations

You are too large for most types of armour.
You have tough skin. (AC +1)
You have sharp toenails.
You are partially covered in icy blue scales. (AC +2)
You have a somewhat thin skeletal structure. (Dex +2, Stealth)
You are very agile. (Dex +4)
Scrolls take you a little longer to read.
Armour fits poorly on your strangely shaped body.
Your body sometimes deteriorates upon taking damage.
You have an increased reservoir of magic. (+10% MP)
Your system is resistant to poisons. (rPois)
Your muscles are very strong. (Str +4)
Your spells are a little harder to cast, but a little more powerful.
Potions are poor at restoring your health.
Your movements are slightly less encumbered by armour. (ER -2)


Message History

The worldbinder closely misses you.
You hit the worldbinder but do no damage.
You claw the worldbinder, but do no damage.
The worldbinder is almost destroyed.
The tarantella misses you. The tarantella bites you!
* * * LOW HITPOINT WARNING * * *
The jumping spider leaps!
The worldbinder misses you. The worldbinder completely misses you.
The tarantella bites you.
* * * LOW HITPOINT WARNING * * *
You are confused.
The tarantella bites you but does no damage.
The tarantella misses you. x2; The jumping spider leaps!
There is a radiant altar of Vehumet here.
Unknown command.
Press < or > to pray at altars.
You're too confused to move!
The tarantella bites you.
* * * LOW HITPOINT WARNING * * *
The worldbinder hits you.
You die...
Xom laughs nastily!

#..###.....##...##
....+......##...#
#..###.....##...##
..##.##...##.....#
.#+...######..##.##
###._.#####..##...##
###..[##....##.....##
.###.###....#...xs..###
..#####.........@s....#
.###........#.......#.#
###.........##.s...##.#
.............##.ยง.###.#
.....)........##.###..#
.................###.###
.......................#
...####'###............#
...#......#............#


You could see a worldbinder, a jumping spider and 2 tarantellas.

Vanquished Creatures
  A hydra (Lair:4)
  A catoblepas (Lair:4)
  A two-headed ogre (D:8)
  3 death yaks (Lair:3)
  A flayed ghost (D:9)
  A cyclops (Lair:4)
  Maurice (D:8)
  2 elephants
  A black mamba (Lair:2)
  8 spiny frogs
  6 komodo dragons
  The ghost of Jannitor the Skirmisher, an amateur OgCK of Xom (D:4)
  A hornet (D:9)
  A queen bee (Lair:4)
  2 trolls
  2 polar bears (Lair:3)
  13 blink frogs
  4 hippogriffs
  A hippogriff (shapeshifter) (Lair:2)
  2 redbacks (Lab)
  A shadow (D:9)
  4 wraiths (D:9)
  3 wyverns
  19 yaks
  2 fire bats (D:9)
  3 steam dragons
  A human (D:7)
  4 basilisks
  2 nagas (Lair:2)
  12 water moccasins
  A swamp drake (D:9)
  2 porcupines (Lair:3)
  12 orc warriors
  An ice beast (D:7)
  A tengu (shapeshifter) (D:5)
  3 phantoms
  A boggart (D:9)
  2 ogres
  2 wolves (Lair:1)
  14 centaurs
  4 crocodiles
  A big kobold (D:7)
  9 bullfrogs
  5 scorpions
  An electric eel (Lair:2)
  2 howler monkeys (D:8)
  5 crimson imps
  A jelly (D:7)
  4 orc priests (D:9)
  2 bullfrog skeletons
  3 hounds
  An iguana (shapeshifter) (Lair:3)
  10 orc wizards
  Natasha (twice) (D:1)
  4 iguanas
  4 worker ants
  A worker ant zombie (D:7)
  2 gnolls
  A howler monkey skeleton (D:8)
  16 adders
  A river rat (Bailey)
  2 shadow imps
  3 oozes
  5 dart slugs
  4 leopard geckos
  50 orcs
  11 giant cockroaches
  7 hobgoblins
  5 jackals (D:2)
  7 quokkas
  5 ball pythons
  16 bats
  9 frilled lizards
  A giant cockroach zombie (D:5)
  12 goblins
  A jackal skeleton (D:6)
  14 kobolds
  A leopard gecko skeleton (D:7)
  A leopard gecko zombie (D:8)
  A quokka skeleton (D:5)
  4 rats (D:2)
381 creatures vanquished.

Vanquished Creatures (collateral kills)
  4 polar bears (Lair:3)
  A yak (Lair:4)
  A water moccasin (Lair:2)
  A porcupine (Lair:1)
  3 orc warriors (Bailey)
  2 wolves (Lair:1)
  A centaur (Bailey)
  A wolf (shapeshifter) (Lair:1)
  3 bullfrogs
  A jelly (Lair:2)
  An orc wizard (D:9)
  7 orcs
  A fungus (Lair:3)
27 creatures vanquished.

Vanquished Creatures (others)
  A minotaur (Lab)
  A golden eye (D:7)
  2 hogs (D:7)
  A naga (Lair:2)
  A centaur zombie (D:6)
  10 fungi
  25 plants
41 creatures vanquished.

Grand Total: 449 creatures vanquished

Notes
Turn   | Place    | Note
-------+----------+-------------------------------------------
     0 | D:1      | Jannitor the Ogre Chaos Knight began the quest for the Orb.
     0 | D:1      | Reached XP level 1. HP: 24/24 MP: 1/1
   128 | D:1      | XOM: harmless Pois miscast
   186 | D:1      | Reached XP level 2. HP: 21/33 MP: 2/2
   284 | D:1      | XOM: harmless Erth miscast
   638 | D:1      | XOM: cloud trail
   697 | D:1      | XOM is BORED!
   697 | D:1      | XOM: silly message
   947 | D:1      | Reached XP level 3. HP: 39/40 MP: 3/3
   964 | D:2      | Noticed Natasha
   971 | D:1      | Killed Natasha
  1008 | D:1      | Noticed Natasha
  1012 | D:1      | Killed Natasha
  1012 | D:1      | Reached skill level 5 in Fighting
  1012 | D:1      | Reached XP level 4. HP: 18/50 MP: 4/4
  1093 | D:1      | XOM: harmless Necr miscast
  2012 | D:2      | Reached XP level 5. HP: 57/57 MP: 5/5
  2211 | D:3      | Found a shadowy altar of Dithmenos.
  2318 | D:3      | Found a faded altar of an unknown god.
  2318 | D:3      | XOM: harmless Tmut miscast
  2352 | D:3      | Found a glowing drain.
  2555 | Sewer    | Entered a sewer
  2586 | Sewer    | XOM is BORED!
  2586 | Sewer    | XOM: torment (21/59 hp)
  2809 | Sewer    | XOM: harmless Erth miscast
  2933 | Sewer    | Reached XP level 6. HP: 67/67 MP: 6/6
  3034 | Sewer    | Identified the Grimoire of Summoning and Transmutation
  3375 | D:3      | Found a runed door.
  3934 | D:4      | XOM: silly message
  3935 | D:4      | Noticed Jannitor's ghost (amateur OgCK)
  3939 | D:4      | XOM: potion effect (curing)
  3941 | D:4      | XOM: potion effect (haste)
  3969 | D:4      | Killed Jannitor's ghost
  3969 | D:4      | Reached XP level 7. HP: 38/78 MP: 3/7
  3994 | D:4      | XOM: noise
  4064 | D:4      | XOM: divination: detect items
  4152 | D:4      | XOM: noise
  4185 | D:4      | Reached skill level 5 in Maces & Flails
  4221 | D:4      | XOM: mild Necr miscast
  4722 | D:4      | Found a sacrificial altar of Ru.
  4723 | D:4      | Found an opulent altar of Gozag.
  5129 | D:5      | Entered Level 5 of the Dungeon
  5140 | D:5      | XOM: harmless Fire miscast
  5396 | D:5      | Reached skill level 5 in Dodging
  5413 | D:5      | XOM: harmless Conj miscast
  5418 | D:5      | XOM: confuse monster(s)
  5427 | D:5      | Reached XP level 8. HP: 83/87 MP: 8/8
  5598 | D:5      | Found Exit's Gadget Boutique.
  5675 | D:5      | Found a staircase to the Ecumenical Temple.
  5697 | D:5      | XOM: silly message
  5824 | D:5      | XOM: harmless Chrm miscast
  5825 | D:5      | XOM: blink monster(s)
  5956 | D:5      | XOM: god gift: 1560 gold pieces
  6215 | D:5      | Bought a box of beasts for 260 gold pieces
  6234 | D:5      | Found Helop's Serpentskin Sales.
  6398 | D:5      | XOM: scenery: 2 doors close
  6595 | D:5      | Bought an uncursed ring of poison resistance for 280 gold pieces
  6733 | D:5      | Reached skill level 1 in Evocations
  7083 | D:5      | XOM: give mutations
  7083 | D:5      | Gained mutation: You are resistant to hostile enchantments. (MR+) [Xom's grace]
  7083 | D:5      | Gained mutation: Your system is resistant to poisons. (rPois) [Xom's grace]
  7083 | D:5      | Gained mutation: You are partially covered in rugged brown scales. (AC +1, +3% HP) [Xom's grace]
  7148 | D:6      | XOM: god gift: tubular ruby ring {god gift}
  7152 | D:6      | XOM: confuse monster(s)
  7317 | D:6      | XOM: divination: magic mapping
  7611 | D:6      | XOM: confuse monster(s)
  7731 | D:6      | Reached XP level 9. HP: 91/100 MP: 10/10
  7838 | D:6      | XOM: god gift: 3 steel javelins
  8161 | D:6      | XOM: summons 4 hostile demons
  8233 | D:6      | XOM: give mutations
  8233 | D:6      | Gained mutation: Scrolls take you a little longer to read. [Xom's mischief]
  8233 | D:6      | Gained mutation: Armour fits poorly on your strangely shaped body. [Xom's mischief]
  8233 | D:6      | Lost mutation: Armour fits poorly on your strangely shaped body. [Xom's mischief]
  8233 | D:6      | Gained mutation: Your body sometimes deteriorates upon taking damage. [Xom's mischief]
  8261 | D:6      | XOM: summons 2 hostile shadow creatures
  8443 | D:7      | Found a flagged portal.
  8458 | D:7      | Reached skill level 1 in Throwing
  8599 | Bailey   | Entered a bailey
  8614 | Bailey   | Lost mutation: You are partially covered in rugged brown scales. (AC +1, +3% HP) [potion of mutation]
  8614 | Bailey   | Lost mutation: You are resistant to hostile enchantments. (MR+) [potion of mutation]
  8614 | Bailey   | Gained mutation: Armour fits poorly on your strangely shaped body. [potion of mutation]
  8614 | Bailey   | Gained mutation: You have sharp toenails. [potion of mutation]
  8614 | Bailey   | Gained mutation: Potions are less effective at restoring your health. [potion of mutation]
  8614 | Bailey   | Gained mutation: Your movements are slightly less encumbered by armour. (ER -2) [potion of mutation]
  8620 | Bailey   | XOM: enchant monster (bad)
  8622 | Bailey   | XOM: cast spell 'Leda's Liquefaction'
  8629 | Bailey   | XOM: divination: detect creatures
  8630 | Bailey   | Reached skill level 2 in Throwing
  8635 | Bailey   | XOM: enchant monster (good)
  8646 | Bailey   | XOM: enchant monster (good)
  8677 | Bailey   | XOM: chaos upgrade
  9200 | Bailey   | XOM: divination: detect items
  9202 | Bailey   | Reached skill level 3 in Throwing
  9258 | Bailey   | XOM: cloud trail
  9438 | Bailey   | Reached skill level 4 in Throwing
  9490 | Bailey   | XOM: 1-stop teleportation journey
  9725 | Bailey   | Reached skill level 5 in Throwing
  9986 | Bailey   | XOM: summons friendly crimson imp
 10662 | Bailey   | XOM: polymorph orc -> river rat
 10670 | Bailey   | XOM: enchant monster (good)
 10678 | Bailey   | Reached skill level 6 in Throwing
 10751 | Bailey   | XOM: summons friendly crimson imp
 10762 | Bailey   | XOM: cast spell 'Disjunction'
 10798 | Bailey   | Reached skill level 7 in Throwing
 10971 | Bailey   | XOM: scenery: 1 fountains blood, 1 doors close
 11026 | Bailey   | XOM: cloud trail
 11111 | Bailey   | Reached XP level 10. HP: 71/107 MP: 11/11
 11118 | Bailey   | XOM: chaos upgrade
 11163 | Bailey   | XOM: god gift: runed bone wand {god gift}
 11176 | Bailey   | Got a crude executioner's axe
 11179 | Bailey   | Identified the +5 executioner's axe of Upheaval {vamp, rN++ Int+3} (You found it in a bailey)
 11765 | D:7      | Reached skill level 8 in Throwing
 11779 | D:7      | XOM: god gift: scroll of teleportation
 11871 | D:7      | XOM: divination: detect creatures
 11933 | D:7      | XOM: divination: magic mapping
 12040 | D:7      | XOM: harmless Air miscast
 12112 | D:7      | Found a snail-covered altar of Cheibriados.
 12231 | D:7      | Found a white marble altar of Elyvilon.
 12330 | D:7      | XOM: silly message
 12436 | D:7      | XOM: divination: detect creatures
 12598 | D:7      | Found a transporter.
 12638 | D:7      | Found a roughly hewn altar of Beogh.
 12644 | D:7      | Noticed a two-headed ogre
 12652 | D:7      | XOM: smoke on damage
 12662 | D:7      | HP: 2/107 [orc wizard/puff of frost (8)]
 12682 | D:7      | XOM: silly message
 13113 | D:7      | XOM: give mutation
 13113 | D:7      | Gained mutation: Your spells are a little harder to cast, but a little more powerful. [Xom's grace]
 13164 | D:7      | Reached skill level 9 in Throwing
 13447 | D:7      | XOM: polymorph hog -> tengu
 13454 | D:7      | XOM: divine lightning
 13464 | D:7      | XOM: polymorph hog -> wyvern
 13661 | D:7      | XOM: scenery: 1 doors close
 13755 | D:7      | XOM: scenery: 1 doors open
 14043 | D:7      | Reached skill level 10 in Throwing
 14048 | D:7      | XOM: god gift: 2 potions of brilliance
 14254 | D:8      | Noticed Maurice
 14292 | D:8      | Killed Maurice
 14367 | D:8      | XOM: scenery: 1 doors open
 14473 | D:8      | XOM: god gift: 3 meat rations
 14618 | D:8      | Found a sparkling altar of Nemelex Xobeh.
 14813 | D:8      | XOM: divination: magic mapping
 14816 | D:8      | Noticed a two-headed ogre
 14828 | D:8      | XOM: destruction
 14829 | D:8      | XOM: enchant monster (good)
 14835 | D:8      | Killed a two-headed ogre
 14835 | D:8      | Reached skill level 11 in Throwing
 14835 | D:8      | Reached XP level 11. HP: 27/115 MP: 12/12
 14850 | D:8      | HP: 6/172 [steam dragon] (4)]
 15352 | D:8      | Found a staircase to the Lair.
 15518 | Lair:1   | Entered Level 1 of the Lair of Beasts
 15533 | Lair:1   | XOM: polymorph wolf -> ooze
 15537 | Lair:1   | XOM: summons 2 friendly demons
 15548 | Lair:1   | Reached skill level 1 in Armour
 15557 | Lair:1   | Gained mutation: You have a somewhat thin skeletal structure. (Dex +2, Stealth) [mutagenic meat]
 15618 | Lair:1   | XOM: scenery: create altars
 15826 | Lair:1   | XOM: cleaving
 15867 | Lair:1   | XOM: divination: detect items
 16152 | Lair:1   | XOM: 2-stop teleportation journey
 16176 | Lair:1   | Reached skill level 10 in Fighting
 16235 | Lair:1   | XOM: 1-stop teleportation journey
 16433 | Lair:1   | XOM: polymorph yak -> troll
 16443 | Lair:1   | XOM: enchant monster (good)
 16567 | Lair:1   | XOM: enchant monster (good)
 16571 | Lair:1   | XOM: cast spell 'Necromutation'
 16574 | Lair:1   | XOM: fog
 16752 | Lair:1   | XOM: harmless Fire miscast
 16968 | Lair:2   | XOM: fog
 16994 | Lair:2   | XOM: god gift: translucent turquoise ring {god gift}
 16996 | Lair:2   | Got a translucent turquoise ring {god gift}
 16999 | Lair:2   | Identified the ring "Jedeyhuz" {rC+ rN+ SInv} (Xom gifted it to you on level 2 of the Lair of Beasts)
 17134 | Lair:2   | XOM: god gift: sack of spiders
 17162 | Lair:2   | Noticed a deep troll
 17162 | Lair:2   | an elephant changed into a deep troll
 17163 | Lair:2   | a deep troll changed into a water nymph
 17166 | Lair:2   | Noticed a death drake
 17166 | Lair:2   | a water nymph changed into a death drake
 17168 | Lair:2   | a death drake changed into a wind drake
 17169 | Lair:2   | Noticed an orb spider
 17169 | Lair:2   | a wind drake changed into an orb spider
 17184 | Lair:1   | Reached skill level 12 in Throwing
 17327 | Lair:1   | XOM: harmless Ice miscast
 17474 | Lair:2   | Gained mutation: You are partially covered in icy blue scales. (AC +2) [mutagenic meat]
 17475 | Lair:2   | Gained mutation: Potions are poor at restoring your health. [mutagenic meat]
 17543 | Lair:2   | XOM: summons 11 friendly demons
 17965 | Lair:2   | Reached XP level 12. HP: 99/128 MP: 15/15
 18246 | Lair:2   | XOM: enchant monster (good)
 18502 | Lair:2   | XOM: summons 2 friendly demons
 18505 | Lair:2   | Found a staircase to the Snake Pit.
 18511 | Lair:2   | XOM: noise
 19481 | Lair:3   | XOM: smoke on damage
 19509 | Lair:3   | XOM: cloud trail
 19580 | Lair:3   | XOM: scenery: create altars
 19592 | Lair:3   | XOM: summons 4 hostile demons
 19712 | Lair:3   | XOM: harmless Tloc miscast
 19730 | Lair:3   | XOM: harmless Tmut miscast
 19731 | Lair:3   | XOM: give mutation
 19731 | Lair:3   | Gained mutation: You occasionally shout uncontrollably at your foes. [Xom's mischief]
 19776 | Lair:3   | Reached skill level 5 in Evocations
 19870 | Lair:3   | Noticed a death yak
 19872 | Lair:3   | Noticed a death yak
 19872 | Lair:3   | Noticed a death yak
 20000 | Lair:3   | XOM: fog
 20119 | Lair:3   | Noticed an eight-headed hydra
 20206 | Lair:3   | Noticed Snorg
 20338 | Lair:3   | Noticed a death yak
 20338 | Lair:3   | Noticed a death yak
 20343 | Lair:3   | XOM: cleaving
 20357 | Lair:3   | XOM: confuse monster(s)
 20376 | Lair:3   | Noticed a dire elephant
 20376 | Lair:3   | a death yak changed into a dire elephant
 20380 | Lair:3   | Killed a death yak
 20380 | Lair:3   | Noticed a frost giant
 20380 | Lair:3   | a dire elephant changed into a frost giant
 20381 | Lair:3   | XOM: summons 12 friendly demons
 20381 | Lair:3   | Noticed a sphinx
 20381 | Lair:3   | a frost giant changed into a sphinx
 20383 | Lair:3   | Killed a death yak
 20387 | Lair:3   | Noticed an iron troll
 20388 | Lair:3   | Killed a death yak
 20389 | Lair:3   | Noticed a fire giant
 20389 | Lair:3   | an iron troll changed into a fire giant
 20391 | Lair:3   | Noticed an iron troll
 20391 | Lair:3   | a fire giant changed into an iron troll
 20397 | Lair:3   | Noticed a shadow dragon
 20397 | Lair:3   | an iron troll changed into a shadow dragon
 20398 | Lair:3   | Noticed an iron dragon
 20398 | Lair:3   | a shadow dragon changed into an iron dragon
 20399 | Lair:3   | XOM: polymorph shadow imp -> iron imp
 20399 | Lair:3   | Noticed a golden dragon
 20399 | Lair:3   | an iron dragon changed into a golden dragon
 20401 | Lair:3   | Noticed a caustic shrike
 20401 | Lair:3   | a golden dragon changed into a caustic shrike
 20447 | Lair:4   | Found a labyrinth entrance.
 20453 | Lab      | Entered a labyrinth
 20516 | Lab      | XOM: mild Tloc miscast
 20782 | Lab      | Noticed a minotaur
 20784 | Lab      | XOM: torment (62/132 hp)
 20786 | Lab      | Killed a minotaur
 20786 | Lab      | Reached skill level 5 in Armour
 20818 | Lab      | Got an uncursed crude glaive {protect}
 20825 | Lab      | Identified the +5 glaive of the Badger {protect, rN+} (You found it in a labyrinth)
 20842 | Lab      | XOM: harmless Air miscast
 20987 | Lab      | XOM: mild Conj miscast
 20991 | Lair:4   | Found a staircase to the Shoals.
 20999 | Lair:4   | XOM: confuse monster(s)
 21019 | Lair:4   | XOM: smoke on damage
 21102 | Lair:4   | XOM: 3-stop teleportation journey
 21255 | Lair:3   | XOM: divination: detect items
 21399 | Lair:4   | Noticed a catoblepas
 21422 | Lair:4   | Killed a catoblepas
 21422 | Lair:4   | Reached XP level 13. HP: 66/140 MP: 17/17
 21883 | Lair:4   | XOM: fake destruction
 21890 | Lair:4   | XOM: confuse monster(s)
 22007 | Lair:4   | XOM: god gift: 39 gold pieces
 22250 | Lair:4   | XOM: enchant monster (bad)
 23175 | Lair:4   | XOM: confuse monster(s)
 23180 | Lair:4   | XOM: polymorph sea snake -> cyclops
 23456 | Lair:4   | XOM: summons friendly iron imp
 23558 | Lair:4   | XOM: scenery: 2 doors open, 1 doors close
 23581 | Lair:4   | XOM: summons friendly iron imp
 23843 | Lair:3   | Lost mutation: You occasionally shout uncontrollably at your foes. [mutagenic meat]
 23846 | Lair:3   | Gained mutation: You are agile. (Dex +2) [mutagenic meat]
 23968 | D:9      | Found a runed door.
 23989 | D:9      | Found a sparkling altar of Nemelex Xobeh.
 24001 | D:9      | Found a shimmering altar of Xom.
 24010 | D:9      | Found a shattered altar of Ashenzari.
 24013 | D:9      | Found a glowing golden altar of the Shining One.
 24040 | D:9      | XOM: scenery: 1 doors open, 2 doors close
 24087 | D:9      | XOM: give mutations
 24087 | D:9      | Gained mutation: Your muscles are strong. (Str +2) [Xom's grace]
 24087 | D:9      | Gained mutation: You are very agile. (Dex +4) [Xom's grace]
 24087 | D:9      | Gained mutation: You have an increased reservoir of magic. (+10% MP) [Xom's grace]
 24087 | D:9      | Gained mutation: Your muscles are very strong. (Str +4) [Xom's grace]
 24301 | D:9      | Found a glowing golden altar of the Shining One.
 24314 | D:9      | Found a shimmering altar of Xom.
 24318 | D:9      | XOM: polymorph megabat -> quokka
 24339 | D:9      | XOM: confuse monster(s)
 24387 | D:9      | Reached skill level 13 in Throwing
 24628 | D:9      | XOM: enchant monster (good)
 24690 | D:9      | Found a radiant altar of Vehumet.
 24717 | D:9      | Paralysed by a hornet for 2 turns
 24929 | D:9      | XOM: summons friendly white imp
 25040 | D:9      | Found a staircase to the Orcish Mines.
 25052 | D:9      | XOM: cast spell 'Leda's Liquefaction'
 25237 | D:9      | XOM: severe Summ miscast
 25244 | D:9      | XOM: enchant monster (good)
 25259 | D:9      | XOM: enchant monster (good)
 25285 | D:9      | XOM: god gift: book of Frost
 25301 | D:9      | HP: 7/141 [tarantella[the severe capriciousness of Xom] (5)]
 25303 | D:9      | Slain by a worldbinder

Skill      XL: |  1  2  3  4  5  6  7  8  9 10 11 12 13 |
---------------+----------------------------------------+-----
Maces & Flails | 3 4 5 6 7 8 9 |  9.2
Fighting       | 5 6 7 9 10 12 | 12.7
Dodging        | 3 4 5 6 |  6.3
Evocations     | 1 2 4 5 6 |  6.6
Throwing       | 7 11 12 13 | 13.0
Armour         | 3 5 |  5.8

Action                   |  1- 3 |  4- 6 |  7- 9 | 10-12 | 13-15 || total
-------------------------+-------+-------+-------+-------+-------++-------
Melee: Mace              |    54 |   235 |   403 |   665 |   242 ||  1599
       Kick              |       |       |    39 |   271 |   133 ||   443
       Flail             |       |       |       |       |    52 ||    52
Throw: Javelin           |       |       |    54 |   143 |    58 ||   255
Evoke: Box of beasts     |       |       |     1 |     1 |       ||     2
       Wand              |       |       |       |    32 |       ||    32
       Sack of spiders   |       |       |       |     1 |       ||     1
  Use: Scroll            |       |     6 |     3 |    17 |     5 ||    31
       Potion            |       |     2 |    11 |     6 |     3 ||    22
 Stab: Paralysed         |       |     2 |     6 |     4 |       ||    12
       Invisible         |       |     2 |       |       |     2 ||     4
       Sleeping          |       |       |     4 |     8 |       ||    12
       Confused          |       |       |     1 |     7 |     4 ||    12
       Petrified         |       |       |       |    13 |     6 ||    19
       Petrifying        |       |       |       |     2 |     5 ||     7
       Distracted        |       |       |       |     1 |     3 ||     4
  Eat: Chunk             |       |     9 |    12 |    35 |    10 ||    66
       Bread ration      |       |       |     2 |       |     1 ||     3
       Royal jelly       |       |       |     1 |       |       ||     1
       Meat ration       |       |       |       |     1 |       ||     1
Armor: Robe              |    30 |    89 |   113 |       |       ||   232
       Skin              |       |    11 |     8 |     6 |     4 ||    29
       Steam dragon scal |       |       |     7 |   123 |    57 ||   187
Dodge: Dodged            |    37 |   123 |   364 |   425 |   186 ||  1135
Block: Other             |       |       |       |   128 |   119 ||   247
       Reflection        |       |       |       |     3 |       ||     3
